 Dungeon Crawl Stone Soup version 0.32-a0-953-g508020473e (webtiles) character file.

Game seed: 16386393653374992096

511 DEFE the Shooter (level 7, 0/56 HPs)
             Began as a Coglin Fighter on Apr 16, 2024.
             Was a Believer of Okawaru.
             Slain by an ogre
             ... wielding a +0 giant spiked club
              (29 damage)
             ... on level 5 of the Dungeon.
             The game lasted 00:03:25 (4323 turns).

DEFE the Shooter (Coglin Fighter)                   Turns: 4323, Time: 00:03:26

Health: 0/56       AC:  7    Str: 16    XL:     7   Next: 19%
Magic:  7/7        EV:  8    Int:  7    God:    Okawaru [**....]
Gold:   268        SH:  0    Dex: 16    Spells: 6/6 levels left

rFire   . . .        a - +0 flail {Somchai}
rCold   . . .        d - +0 flail {Fusazane}
rNeg    . . .        b - +1 scale mail
rPois   .            (no helmet)
rElec   .            (no cloak)
rCorr   .            (no gloves)
SInv    .            (no boots)
Will    .....        (amulet unavailable) Stlth
                     (ring unavailable)
HPRegen 0.29/turn    (ring unavailable)
MPRegen 0.10/turn    (no gizmo)

%: no passive effects
@: revving
A: off-hand wielding, slow wielding, warmup strikes, no jewellery
a: Invent Gizmo, Renounce Religion, Heroism


You were on level 5 of the Dungeon.
You worshipped Okawaru.
Okawaru was pleased with you.
You visited 1 branch of the dungeon, and saw 5 of its levels.

You collected 268 gold pieces.

Inventory:

Hand Weapons
 a - a +0 flail (weapon) {Somchai}
 d - a +0 flail (offhand) {Fusazane}
 k - a +1 sling
 m - a +0 sling
Armour
 b - a +1 scale mail (worn)
 c - a +0 buckler
Wands
 y - a wand of iceblast (4)
Scrolls
 g - a scroll of fog
 h - a scroll of enchant weapon
Potions
 e - a potion of heal wounds
 f - 2 potions of ambrosia {unknown}
 i - 3 potions of curing {unknown}
 j - 3 potions of mutation {unknown}
 p - 2 potions of enlightenment {unknown}
 t - a potion of brilliance {unknown}
 v - a potion of degeneration {unknown}
 w - 2 potions of attraction {unknown}
 z - 2 potions of haste {unknown}
 C - a potion of magic {unknown}


   Skills:
 - Level 5.0 Fighting
 - Level 2.1 Maces & Flails
 + Level 5.3 Ranged Weapons
 - Level 2.6 Armour
 - Level 2.1 Shields


You had 6 spell levels left.
You didn't know any spells.
Your spell library contained the following spells:

 Spells                   Type           Power      Damage    Failure   Level
 Freeze                   Ice            0%         1d3       86%         1
 Shock                    Conj/Air       0%         1d3       86%         1
 Vhi's Electric Charge    Tloc/Air       0%         N/A       100%        4
 Silence                  Hex/Air        0%         N/A       100%        5


Dungeon Overview and Level Annotations

Branches:
Dungeon (5/15)
 Temple: D:4-7

Altars:
Gozag
Makhleb
Okawaru
Sif Muna
Trog
Uskayaw
Zin
The Shining One

Annotations:
D:5 1 runed translucent door, Gorgor's ghost, novice MiBe


Innate Abilities, Weirdness & Mutations

You can wield a second weapon in your off-hand.
It takes a long time for you to wield or remove held weapons.
Your first few attacks do less damage.
You cannot equip rings or amulets.


Message History

No reachable target in view!
No reachable target in view!
No reachable target in view!
No reachable target in view!
No reachable target in view!
You feel sick.
You feel sick.
You are no longer poisoned.
HP restored.
Found a runed translucent door.
You see here an adder corpse.
No reachable target in view!
Unknown command.
Found a stone staircase leading down.
Gorgor's ghost wails, "You must not fail where I succeeded!"
As you open the door, it creaks loudly!
An orc priest, an adder and 2 ogres come into view.
The orc priest shouts!
The ogre shouts! x2
The orc priest mumbles some strange prayers to Beogh against you.
Beogh smites you!
Found 23 gold pieces.
You sock the adder with your +0 flail!
The adder is almost dead.
You miss the adder with your +0 flail. The adder bites you but does no damage.
You sock the adder with your +0 flail!
You kill the adder!
Okawaru accepts your kill.
There is an open door here.
You hit the ogre with your +0 flail.
The ogre is moderately wounded.
You sock the ogre with your +0 flail!
The ogre hits you with a +0 giant spiked club!!
Ouch! That really hurt!
* * * LOW HITPOINT WARNING * * *
The orc priest casts a cantrip, but nothing happens.
Unknown command.
It was a potion of heal wounds.
You feel much better.
The ogre hits you with a +0 giant spiked club!!
Ouch! That really hurt!
You die...

......# ......# ##≈.≈##
.....<# #≈≈.≈≈##
.....## #####≈ß.ß≈≈#
.....## #..+≈.$$...+ #
......# #.##.≈ßoß≈≈#.#
......## #.# ≈≈≈O≈≈##.#
.......###.####≈O≈##..#
.....#....)..###@##...#
#...########.##.......#
##### #.##.......#
#.....#.####
#######.##..=####
#######.......##......#
#.......########.####.#
#.####### ###...# .#
..# #####...###


You could see 2 ogres and an orc priest.

Vanquished Creatures
  2 ogres
  A scorpion (D:4)
  A sleepcap (D:4)
  Natasha (D:2)
  An orc wizard (D:4)
  3 gnolls (D:2)
  8 adders
  A shadow imp (D:5)
  5 ribbon worms
  7 orcs
  7 ball pythons
  5 bats
  8 endoplasms
  4 giant cockroaches
  6 hobgoblins
  3 jackals (D:1)
  7 kobolds
  5 quokkas
  6 frilled lizards
  5 goblins
  5 rats
91 creatures vanquished.

Notes
Turn   | Place    | Note
-------+----------+-------------------------------------------
     0 | D:1      | DEFE the Coglin Fighter began the quest for the Orb.
     0 | D:1      | Reached XP level 1. HP: 18/18 MP: 1/1
    11 | D:1      | Found a faded altar of an unknown god.
    22 | D:1      | Prayed at the altar of an unknown god.
    22 | D:1      | Became a worshipper of Warmaster Okawaru
    22 | D:1      | Reached * piety under Okawaru
   171 | D:1      | Reached XP level 2. HP: 24/24 MP: 2/2
   410 | D:1      | Reached XP level 3. HP: 26/30 MP: 3/3
   877 | D:2      | Found a bloodstained altar of Trog.
  1082 | D:2      | Reached XP level 4. HP: 21/38 MP: 4/4
  1084 | D:2      | Reached skill level 1 in Ranged Weapons
  1802 | D:3      | Found a glowing silver altar of Zin.
  1802 | D:3      | Found a burning altar of Makhleb.
  1889 | D:3      | Reached XP level 5. HP: 40/43 MP: 5/5
  1897 | D:2      | Noticed Natasha
  1908 | D:2      | Killed Natasha
  1911 | D:2      | HP: 2/43 [orc/+0 mace (2)]
  2542 | D:3      | Reached skill level 5 in Fighting
  2555 | D:3      | Found a shimmering blue altar of Sif Muna.
  3041 | D:4      | Found a glowing golden altar of the Shining One.
  3127 | D:4      | Reached ** piety under Okawaru
  3128 | D:4      | Reached XP level 6. HP: 31/51 MP: 6/6
  3340 | D:4      | Found an opulent altar of Gozag.
  3600 | D:4      | Noticed a +0 dagger
  3601 | D:4      | Noticed a +0 falchion
  3602 | D:4      | Noticed a +0 short sword
  3623 | D:4      | Noticed a +0 spear
  3624 | D:4      | Noticed a +0 spear
  3632 | D:4      | Found a hide-covered altar of Uskayaw.
  3632 | D:4      | Noticed a +0 falchion
  3633 | D:4      | Noticed a +0 dagger
  3635 | D:4      | Noticed a +0 short sword
  3947 | D:5      | Entered Level 5 of the Dungeon
  3965 | D:5      | Got the Grimoire of Frosty Inhalation
  4066 | D:5      | Reached skill level 5 in Ranged Weapons
  4066 | D:5      | Reached XP level 7. HP: 33/56 MP: 7/7
  4264 | D:5      | Noticed Gorgor's ghost (novice MiBe)
  4285 | D:5      | Found a runed translucent door.
  4323 | D:5      | Slain by an ogre

Illustrated notes

Levels and vault maps discovered:
D:1:      dpeg_arrival_simpleton_b, layout_loops_ring, basic_ecumenical_altar
D:2:      layout_loops_cross, basic_altar, minmay_misc_feat_four_crosses,
          chequers_arboretum, minmay_misc_feat_five, uniq_natasha
D:3:      layout_rooms, lemuel_coloured_pillars_altar,
          grunt_temple_overflow_order_and_chaos_2
D:4:      layout_rooms, nicolae_uskayaw_en_pointe, nicolae_gozag_seed_capital,
          mainiacjoe_overflow_surrounded_room
D:5:      layout_rooms, hellmonk_ghost_happy_afterlife, kennysheep_small_circle

Skill      XL: |  1  2  3  4  5  6 |
---------------+-------------------+-----
Maces & Flails | 2 |  2.1
Fighting       | 4 5 |  5.0
Ranged Weapons | 1 3 5 |  5.3
Armour         | |  2.6
Shields        | |  2.1

Action                     |  1- 3 |  4- 6 |  7- 9 || total
---------------------------+-------+-------+-------++-------
  Melee: Flail             |   118 |   237 |    13 ||   368
    Use: Scroll            |       |    12 |       ||    12
         Potion            |       |     1 |     1 ||     2
 Armour: Scale mail        |   112 |   143 |     7 ||   262
  Dodge: Dodged            |    55 |    73 |     2 ||   130
  Block: Buckler           |    34 |    25 |       ||    59

Table legend: (Time is in decaauts)
 A = Elapsed time spent in this place.
 B = Non-inter-level travel time spent in this place.
 C = Inter-level travel time spent in this place.
 D = Time resting spent in this place.
 E = Time spent auto-exploring this place.
 F = Levels seen in this place.
 G = Mean time per level.
                   A        B        C        D        E       F      G
               +--------+--------+--------+--------+--------+-----+--------+
         Total |   4427 |   4287 |    140 |   1460 |   2077 |   5 |  885.4 |
       Dungeon |   4427 |   4287 |    140 |   1460 |   2077 |   5 |  885.4 |
               +--------+--------+--------+--------+--------+-----+--------+

Top non-repeatable levels by time:
     D:2: 1293 daAuts
     D:4: 1277 daAuts
     D:1: 875 daAuts
     D:3: 602 daAuts
     D:5: 378 daAuts
